 Dungeon Crawl Stone Soup version 0.22.1-6-g1668fe2 (webtiles) character file.

191 Fang the Skirmisher (level 5, -6/51 HPs)
             Began as a Gargoyle Berserker on Feb 7, 2019.
             Was a Believer of Trog.
             Mangled by an ogre
             ... wielding a +0 giant club
              (13 damage)
             ... on level 4 of the Dungeon.
             The game lasted 00:03:47 (2865 turns).

Fang the Skirmisher (Gargoyle Berserker)            Turns: 2865, Time: 00:03:47

Health: -6/51      AC:  6    Str: 27    XL:     5   Next: 70%
Magic:  12/14      EV: 12    Int:  7    God:    Trog [**....]
Gold:   182        SH:  0    Dex:  9    Spells: 4/4 levels left

rFire    . . .     SeeInvis .   a - +0 hand axe
rCold    . . .     Gourm    .   (no shield)
rNeg     + . .     Faith    .   b - +0 animal skin
rPois    ∞         Spirit   .   (no helmet)
rElec    +         Reflect  .   (no cloak)
rCorr    .         Harm     .   (no gloves)
MR       .....                  (no boots)
Stlth    ..........             (no amulet)
HPRegen  0.17/turn              p - ring of magical power
MPRegen  0.14/turn              (no ring)

@: berserking, very quick
A: negative energy resistance 1, electricity resistance, unbreathing,
petrification resistance, rot immunity, AC +4
a: Berserk, Trog's Hand, Renounce Religion


You were on level 4 of the Dungeon.
You worshipped Trog.
Trog was pleased with you.
You were very hungry.

You visited 1 branch of the dungeon, and saw 4 of its levels.

You collected 182 gold pieces.

Inventory:

Hand Weapons
 a - a +0 hand axe (weapon)
Armour
 b - a +0 animal skin (worn)
Jewellery
 p - a ring of magical power (left hand)
Wands
 g - a wand of polymorph (9)
Scrolls
 h - 2 scrolls of teleportation {unknown}
 j - a scroll of identify {unknown}
 k - a scroll of magic mapping {unknown}
 m - a scroll of remove curse {unknown}
Potions
 d - a potion of resistance {unknown}
 e - 4 potions of curing {unknown}
 f - 2 potions of agility {unknown}
 i - a potion of heal wounds {unknown}
 l - a potion of degeneration {unknown}
 n - a potion of brilliance {unknown}
Comestibles
 c - 9 rations
 o - 2 chunks of flesh


   Skills:
 + Level 4.4 Fighting
 + Level 3.6 Axes
 + Level 3.6 Armour
 + Level 2.6 Dodging


You had 4 spell levels left.
You didn't know any spells.
Your spell library was empty.

Dungeon Overview and Level Annotations

Branches:
Dungeon (4/15)
 Temple: D:4-7

Altars:
Dithmenos
Nemelex Xobeh
Vehumet


Innate Abilities, Weirdness & Mutations

You are resistant to torment.
Your stone body is resilient. (AC +4)
You are immune to poison.
You resist negative energy. (rN+)
You are resistant to electric shocks. (rElec)
You can survive without breathing.
You are immune to petrification.
You are immune to rotting.


Message History

Things that are here:
a mace; an orc corpse
Things that are here:
a dagger; a robe; an orc corpse You close the door, pushing everything out of the way.
Something unseen opens the door.
You feel yourself speed up.
An ogre is nearby!
An adder comes into view.
The adder hisses angrily.
The ogre closely misses you. The adder barely misses you.
The adder bites you but does no damage.
You see here a robe.
The adder barely misses you.
You recover from your berserk rage.
A red film seems to cover your vision as you go berserk!
You feel yourself moving faster!
You feel mighty!
You are feeling very hungry.
The adder bites you but does no damage. The ogre hits you with a giant club!
You die...

#..# .###... .....#.
########.#
.##....##........#
#..........#####.###
........##.## ..
.###.##.##..####.#
'#########.....O....#
.⌠⌠⌠⌠⌠⌠#...[...S@...#
......⌠#.########.#.....
.....⌠#.# ....###
♣♣♣.O.⌠#.# ##..#
♣..:..⌠#.# #..#
♣?....)#.# ..# ♣..')# ##
♣.....)#†# ♣.....⌠#.#


You could see an ogre and an adder.

Vanquished Creatures
  Crazy Yiuf (D:3)
  An orc wizard (D:4)
  An iguana (D:4)
  An adder (D:4)
  An ooze (D:3)
  3 dart slugs
  2 worms
  5 leopard geckos
  6 orcs
  2 giant cockroaches
  7 goblins
  8 hobgoblins
  9 jackals
  4 kobolds
  7 bats
  8 frilled lizards
  7 rats
73 creatures vanquished.

Vanquished Creatures (others)
  A dart slug (D:2)
1 creature vanquished.

Grand Total: 74 creatures vanquished

Notes
Turn   | Place    | Note
-------+----------+-------------------------------------------
     0 | D:1      | Fang the Gargoyle Berserker began the quest for the Orb.
     0 | D:1      | Reached XP level 1. HP: 14/14 MP: 1/1
   104 | D:1      | Reached XP level 2. HP: 19/19 MP: 2/2
   633 | D:2      | Reached XP level 3. HP: 23/23 MP: 3/3
   768 | D:2      | Found a sparkling altar of Nemelex Xobeh.
   778 | D:2      | Reached ** piety under Trog
  1044 | D:2      | Found a radiant altar of Vehumet.
  1620 | D:3      | Reached XP level 4. HP: 11/29 MP: 4/4
  1804 | D:3      | Found a shadowy altar of Dithmenos.
  1834 | D:3      | Reached skill level 4 in Fighting
  2460 | D:3      | Found a runed door.
  2607 | D:3      | Noticed Crazy Yiuf
  2615 | D:3      | Killed Crazy Yiuf
  2615 | D:3      | Reached XP level 5. HP: 33/33 MP: 5/5
  2847 | D:4      | Noticed an ogre
  2865 | D:4      | Mangled by an ogre

Skill      XL: |  1  2  3  4 |
---------------+-------------+-----
Axes           | 3 |  3.6
Dodging        | 2 |  2.6
Armour         | 3 |  3.6
Fighting       | 4 |  4.4

Action                   |  1- 3 |  4- 6 || total
-------------------------+-------+-------++-------
Melee: Hand axe          |   126 |    84 ||   210
       Unarmed           |       |     3 ||     3
Invok: Berserk           |     1 |     4 ||     5
  Eat: Chunk             |     2 |     8 ||    10
Armor: Animal skin       |    64 |    38 ||   102
Dodge: Dodged            |   135 |    85 ||   220
